 Dungeon Crawl Stone Soup version 0.19.4-8-ga85b6b9 (webtiles) character file.

19102 vatarom the Demonic Catastrophe (level 12, -19/89 HPs)
             Began as a Demonspawn Fighter on Feb 12, 2017.
             Was an Elder of Qazlal.
             Killed from afar by a tengu conjurer (21 damage)
             ... with a bolt of lightning
             ... on level 12 of the Dungeon.
             The game lasted 00:28:11 (13042 turns).

vatarom the Demonic Catastrophe (DsFi)             Turns: 13042, Time: 00:28:11

Health: -19/89     AC: 33    Str: 19    XL:     12   Next: 33%
Magic:  34/34      EV:  7    Int: 17    God:    Qazlal [****..]
Gold:   414        SH: 16    Dex: 15    Spells: 0 memorised, 11 levels left

rFire  + . .     SeeInvis .     a - +2 war axe (venom)
rCold  . . .     Gourm    .     H - +5 chain mail "Sokh" {MP+9}
rNeg   . . .     Faith    .     c - +1 shield
rPois  .         Spirit   .     e - +1 helmet
rElec  .         Reflect  .     b - +2 cloak
rCorr  .         Harm     .     (no gloves)
MR     .....                    y - +0 pair of boots
Stlth  ..........               A - amulet of rage
                                v - ring "Iwoet" {Int+3 Dex+2}
                                o - ring of protection from fire

@: sanguine armour, repel missiles
A: talons 1, blink, clever 1, clumsy 1, demonic guardian 2, spiny 1, strong 1,
sanguine armour 3
a: Blink, Upheaval, Elemental Force, Renounce Religion, Evoke Berserk Rage


You were on level 12 of the Dungeon.
You worshipped Qazlal.
Qazlal was greatly pleased with you.
You were not hungry.

You visited 2 branches of the dungeon, and saw 13 of its levels.
You visited the Abyss 1 time.
You also visited: Sewer.

You collected 674 gold pieces.
You spent 260 gold pieces at shops.

Inventory:

Hand Weapons
 a - a +2 war axe of venom (weapon)
Armour
 b - a +2 cloak (worn)
 c - a +1 shield (worn)
 e - a +1 helmet (worn)
 y - a +0 pair of boots (worn)
 H - the +5 chain mail "Sokh" (worn) {MP+9}
   (You found it on level 9 of the Dungeon)

   It affects your magic capacity (+9).
Jewellery
 o - a ring of protection from fire (left hand)
 v - the ring "Iwoet" (right hand) {Int+3 Dex+2}
   (You found it on level 6 of the Dungeon)

   [ring of dexterity]

   It affects your intelligence (+3).
   It affects your dexterity (+2).
 A - an amulet of rage (around neck)
 D - an uncursed ring of stealth
Wands
 n - a wand of confusion (13/48)
 p - a wand of confusion (3/48)
 t - a wand of lightning (9/15)
 x - a wand of iceblast (1/15)
Scrolls
 g - 5 scrolls of remove curse
 h - 3 scrolls of fog
 m - a scroll of enchant armour
 r - a scroll of blinking
 s - 2 scrolls of magic mapping
 B - a scroll of immolation
 C - a scroll of fear
 G - 2 scrolls of amnesia
Potions
 d - a potion of might
 k - 2 potions of curing
 q - a potion of lignification
 u - 3 potions of brilliance
 z - a potion of invisibility
 I - a potion of flight
 J - a potion of agility
Comestibles
 f - 6 bread rations
 i - 2 slices of pizza
 j - 6 fruits
 l - 3 meat rations
 E - 8 beef jerkies


   Skills:
 - Level 6.9 Fighting
 - Level 5.4 Axes
 - Level 5.8 Armour
 + Level 4.0 Dodging
 - Level 4.9 Shields
 * Level 19.7 Invocations


You had 11 spell levels left.
You didn't know any spells.

Dungeon Overview and Level Annotations

Branches:
Dungeon (12/15)            Temple (1/1) D:4            Lair (0/6) D:11
    Orc: D:9-12

Altars:
Ashenzari
Cheibriados
Dithmenos
Elyvilon
Fedhas
Gozag
Hepliaklqana
Kikubaaqudgha
Makhleb
Nemelex Xobeh
Okawaru
Qazlal
Ru
Sif Muna
Trog
Uskayaw
Vehumet
Xom
Yredelemnul
Zin
The Shining One
Lugonu

Shops:
D:9 ?


Innate Abilities, Weirdness & Mutations

You have sharp toenails.
A demonic guardian rushes to your aid.
You are partially covered in sharp spines.
When seriously injured, your bleeding wounds create very thick armour. (AC +12)
You can translocate small distances at will.
Your mind is acute. (Int +2)
You are clumsy. (Dex -2)
Your muscles are strong. (Str +2)


Message History

The tengu conjurer pecks you but does no damage.
You block the tengu conjurer's attack.
An orc comes into view. It is wielding a falchion.
You completely miss the tengu conjurer.
The tengu conjurer is severely wounded.
The tengu conjurer is struck by your spines.
The tengu conjurer hits you.
* * * LOW HITPOINT WARNING * * *
The tengu conjurer pecks you.
* * * LOW HITPOINT WARNING * * *
You block the tengu conjurer's attack.
An orc warrior comes into view. It is wielding a dire flail.
You miss the tengu conjurer.
The tengu conjurer is almost dead.
You hear a shout!
The tengu conjurer casts a spell at you.
The bolt of lightning hits you!
* * * LOW HITPOINT WARNING * * *
The bolt of lightning hits you!
You die...

.....# .....##
._..... ..Y...
....# # ..
########Q.##...
.#
#..@QZYooo...#
.#
#######o.#o.).
.# #..# $ .#
#.?# .## #..#
..##+# #ยง.#
.....# #..#
.....+ #..#
....# #...


You could see 2 tengu conjurers, 3 orc warriors, an ice beast, 2 orcs and a
wyvern skeleton.

Vanquished Creatures
  An ettin (D:12)
  The ghost of vatarom the Protected, a novice DsGl of Qazlal (D:9)
  Sonja (D:11)
  2 unseen horrors
  A hill giant (D:12)
  A deep elf mage (D:11)
  A manticore (D:11)
  2 ugly things
  3 kobold demonologists
  6 trolls
  A hornet (D:10)
  A hippogriff (D:11)
  4 two-headed ogres
  2 raiju (Abyss:2)
  Sigmund (D:4)
  3 yaks (D:11)
  A vampire (D:11)
  2 hungry ghosts (D:11)
  Grum (D:8)
  A chaos spawn (Abyss:2)
  A steam dragon (D:9)
  A mottled dragon (D:11)
  Menkaure (D:5)
  5 sky beasts
  A necrophage (D:12)
  An orc warrior (D:3)
  2 ice beasts
  7 ogres
  A black bear (D:11)
  8 centaurs
  2 wolves (D:8)
  11 big kobolds
  6 bullfrogs
  A gnoll sergeant (D:9)
  A wyvern skeleton (D:8)
  4 scorpions
  2 killer bees (D:12)
  4 wights
  4 howler monkeys
  3 electric eels (D:11)
  4 crimson imps
  A bullfrog skeleton (D:10)
  4 bullfrog zombies
  3 centaur skeletons
  6 hounds
  3 jellies
  Ijyb (D:3)
  6 iguanas
  8 orc wizards
  9 worker ants
  A hound zombie (D:7)
  A hound skeleton (D:4)
  2 mummies (D:7)
  13 gnolls
  16 adders
  4 river rats
  A shadow imp (D:6)
  5 oozes
  An adder zombie (D:10)
  A worm (Sewer)
  3 dart slugs
  5 leopard geckos
  27 orcs
  6 bats
  7 giant cockroaches
  17 goblins
  7 hobgoblins
  18 jackals
  5 quokkas
  12 ball pythons
  7 frilled lizards
  20 kobolds
  A leopard gecko skeleton (D:7)
  15 rats
342 creatures vanquished.

Vanquished Creatures (collateral kills)
  A hydra (D:11)
  A sixfirhy (Abyss:2)
  A deep troll (D:11)
  3 hill giants
  An ugly thing (D:9)
  2 centaur skeletons
  A kobold demonologist (D:12)
  An ancient zyme (Abyss:2)
  5 trolls
  A hippogriff (D:8)
  A wyvern (D:11)
  An ogre (D:7)
  3 wights (D:10)
  3 killer bees (D:12)
  A crimson imp (D:9)
  A centaur zombie (D:11)
  An orc priest (D:9)
  A worker ant (D:12)
  A shadow imp (D:9)
  An ufetubus (Abyss:2)
  An ooze (Sewer)
  An orc (D:11)
33 creatures vanquished.

Vanquished Creatures (others)
  A small abomination (Abyss:2)
  6 starspawn tentacles (Abyss:2)
7 creatures vanquished.

Grand Total: 382 creatures vanquished

Notes
Turn   | Place    | Note
-------+----------+-------------------------------------------
     0 | D:1      | vatarom the Demonspawn Fighter began the quest for the Orb.
     0 | D:1      | Reached XP level 1. HP: 18/18 MP: 1/1
    64 | D:1      | Gained mutation: You are partially covered in sharp spines. [demonic ancestry]
    64 | D:1      | Reached XP level 2. HP: 24/24 MP: 2/2
   257 | D:1      | Reached XP level 3. HP: 29/29 MP: 3/3
   710 | D:2      | Found a basalt altar of Yredelemnul.
   954 | D:2      | Found an iron altar of Okawaru.
  1076 | D:2      | Found a snail-covered altar of Cheibriados.
  1523 | D:3      | Gained mutation: When seriously injured, your bleeding wounds create armour. (AC +12) [demonic ancestry]
  1523 | D:3      | Reached XP level 4. HP: 21/35 MP: 4/4
  1665 | D:3      | Noticed Ijyb
  1671 | D:3      | Killed Ijyb
  1719 | D:3      | Gained mutation: You are clumsy. (Dex -2) [potion of mutation]
  1719 | D:3      | Gained mutation: You can translocate small distances at will. [potion of mutation]
  1719 | D:3      | Gained mutation: Your muscles are strong. (Str +2) [potion of mutation]
  1877 | D:3      | Noticed an orc warrior
  1897 | D:3      | Killed an orc warrior
  1897 | D:3      | Gained mutation: You have sharp toenails. [demonic ancestry]
  1897 | D:3      | Reached XP level 5. HP: 26/41 MP: 5/5
  2013 | D:3      | Found a stormy altar of Qazlal.
  2017 | D:3      | Became a worshipper of Qazlal Stormbringer
  2087 | D:3      | Reached skill level 1 in Invocations
  2103 | D:3      | Found a glowing drain.
  2107 | D:3      | Reached XP level 6. HP: 42/47 MP: 5/7
  2112 | Sewer    | Entered a sewer
  2238 | Sewer    | Reached skill level 2 in Invocations
  2310 | Sewer    | Reached skill level 3 in Invocations
  2318 | Sewer    | Reached skill level 4 in Invocations
  2373 | Sewer    | Gained mutation: A weak demonic guardian rushes to your aid. [demonic ancestry]
  2373 | Sewer    | Reached XP level 7. HP: 48/52 MP: 10/10
  2492 | Sewer    | Reached * piety under Qazlal
  2492 | Sewer    | Reached skill level 5 in Invocations
  2548 | Sewer    | Reached skill level 6 in Invocations
  2773 | D:4      | Found a staircase to the Ecumenical Temple.
  2780 | Temple   | Entered the Ecumenical Temple
  2852 | D:4      | Noticed Sigmund
  2943 | D:4      | Killed Sigmund
  2943 | D:4      | Reached skill level 5 in Axes
  2943 | D:4      | Reached skill level 7 in Invocations
  2973 | D:4      | Reached XP level 8. HP: 58/58 MP: 13/13
  3095 | D:4      | Reached skill level 8 in Invocations
  3326 | D:4      | Reached ** piety under Qazlal
  3510 | D:5      | Entered Level 5 of the Dungeon
  3772 | D:5      | Found a white marble altar of Elyvilon.
  3926 | D:5      | Noticed Menkaure
  3935 | D:5      | Killed Menkaure
  3935 | D:5      | Reached skill level 9 in Invocations
  4286 | D:6      | Got a twitching amber ring
  4287 | D:6      | Identified the ring "Iwoet" {Int+3 Dex+2} (You found it on level 6 of the Dungeon)
  4352 | D:6      | Found a radiant altar of Vehumet.
  4452 | D:6      | Reached skill level 10 in Invocations
  4920 | D:6      | Gained mutation: When seriously injured, your bleeding wounds create thick armour. (AC +12) [demonic ancestry]
  4920 | D:6      | Reached XP level 9. HP: 51/63 MP: 15/17
  5086 | D:6      | You fall through a shaft!
  5282 | D:6      | Reached skill level 11 in Invocations
  5492 | D:7      | Reached skill level 5 in Armour
  5558 | D:7      | Reached *** piety under Qazlal
  5625 | D:7      | Found a hazy altar of Hepliaklqana.
  5636 | D:7      | Found an ancient bone altar of Kikubaaqudgha.
  5636 | D:7      | Found a blossoming altar of Fedhas.
  6062 | D:8      | Reached skill level 12 in Invocations
  6194 | D:8      | Gained mutation: Your mind is acute. (Int +2) [potion of beneficial mutation]
  6370 | D:8      | Noticed Grum
  6377 | D:8      | Reached skill level 13 in Invocations
  6383 | D:8      | Killed Grum
  6589 | D:8      | Found a burning altar of Makhleb.
  6714 | D:8      | Found a glowing golden altar of the Shining One.
  6827 | D:8      | Noticed a green ugly thing
  6839 | D:8      | Killed a green ugly thing
  6839 | D:8      | Gained mutation: A demonic guardian rushes to your aid. [demonic ancestry]
  6839 | D:8      | Reached XP level 10. HP: 37/70 MP: 20/20
  6854 | D:8      | Reached skill level 14 in Invocations
  7038 | D:8      | Found a deep blue altar of Sif Muna.
  7204 | D:9      | Noticed vatarom's ghost (novice DsGl)
  7437 | D:9      | Reached **** piety under Qazlal
  7449 | D:9      | Killed vatarom's ghost
  7449 | D:9      | Reached skill level 15 in Invocations
  7451 | D:9      | Noticed a green ugly thing
  7458 | D:9      | Killed a green ugly thing
  7481 | D:9      | Noticed a hill giant
  7802 | D:9      | Killed a hill giant
  7923 | D:9      | Reached skill level 16 in Invocations
  7932 | D:9      | Found a shadowy altar of Dithmenos.
  7984 | D:9      | Found Heqov's Magic Scroll Shoppe.
  7995 | D:9      | Bought a scroll of brand weapon for 260 gold pieces
  8478 | D:9      | Found a shattered altar of Ashenzari.
  8478 | D:9      | Found a sacrificial altar of Ru.
  8480 | D:9      | Found a sparkling altar of Nemelex Xobeh.
  8804 | D:9      | Got a crude chain mail
  8811 | D:9      | Identified the +5 chain mail "Sokh" {MP+9} (You found it on level 9 of the Dungeon)
  8851 | D:9      | Reached skill level 17 in Invocations
  8953 | D:10     | Entered Level 10 of the Dungeon
  8986 | D:10     | Reached XP level 11. HP: 57/75 MP: 23/23
  9040 | D:10     | Noticed a hill giant
  9043 | D:10     | Killed a hill giant
  9502 | D:10     | Killed an unseen horror
  9887 | D:10     | Found a white marble altar of Elyvilon.
  9932 | D:11     | Noticed a six-headed hydra
  9940 | D:11     | Killed a six-headed hydra
  9940 | D:11     | Reached skill level 5 in Fighting
  9946 | D:11     | Noticed a hill giant
  9951 | D:11     | Killed a hill giant
 10000 | D:11     | Found a staircase to the Lair.
 10032 | D:11     | Noticed Sonja
 10060 | D:11     | Cast into level 2 of the Abyss (Sonja)
 10100 | Abyss:2  | Noticed a tentacled starspawn
 10194 | Abyss:2  | Noticed a wretched star
 10235 | Abyss:2  | Found a corrupted altar of Lugonu.
 10255 | Abyss:2  | Reached skill level 18 in Invocations
 10291 | Abyss:2  | Noticed a sixfirhy
 10296 | Abyss:2  | Killed a sixfirhy
 10401 | Abyss:2  | Noticed a spatial maelstrom
 10404 | Abyss:2  | Noticed a rakshasa
 10414 | D:11     | Escaped the Abyss
 10808 | D:11     | Killed an unseen horror
 11005 | D:11     | Found a shattered altar of Ashenzari.
 11188 | D:11     | Noticed a deep troll
 11189 | D:11     | Reached skill level 1 in Dodging
 11194 | D:11     | Killed a deep troll
 11491 | D:11     | Killed Sonja
 11491 | D:11     | Gained mutation: When seriously injured, your bleeding wounds create very thick armour. (AC +12) [demonic ancestry]
 11491 | D:11     | Reached XP level 12. HP: 47/89 MP: 25/25
 11932 | D:11     | Reached skill level 19 in Invocations
 13015 | D:12     | Noticed an ettin
 13026 | D:12     | Killed an ettin
 13034 | D:12     | Found a snail-covered altar of Cheibriados.
 13042 | D:12     | HP: 2/89 [tengu conjurer/bolt of lightning (14)]
 13042 | D:12     | Killed from afar by a tengu conjurer

Skill      XL: |  1  2  3  4  5  6  7  8  9 10 11 12 |
---------------+-------------------------------------+-----
Shields        | 3 4 |  4.9
Axes           | 3 4 5 |  5.4
Invocations    | 1 4 7 10 13 17 18 19 | 19.7
Armour         | 4 5 |  5.8
Fighting       | 6 |  6.9
Dodging        | 2 4 |  4.0

Action                   |  1- 3 |  4- 6 |  7- 9 | 10-12 || total
-------------------------+-------+-------+-------+-------++-------
Melee: War axe           |   100 |   109 |   370 |   358 ||   937
       Kick              |       |    14 |    58 |       ||    72
Invok: Upheaval          |       |       |       |     4 ||     4
       Elemental Force   |       |       |       |     3 ||     3
Evoke: Wand              |       |     1 |       |     3 ||     4
  Use: Scroll            |     9 |     5 |     7 |     8 ||    29
       Potion            |     3 |     2 |     7 |     9 ||    21
 Stab: Distracted        |       |     1 |     1 |     3 ||     5
  Eat: Bread ration      |     1 |       |     4 |     5 ||    10
       Chunk             |     1 |       |     2 |     1 ||     4
Armor: Scale mail        |    47 |    36 |   110 |    51 ||   244
       Chain mail        |       |       |       |   165 ||   165
Dodge: Dodged            |    24 |    31 |    68 |    78 ||   201
       Deflected         |       |       |       |     3 ||     3
Block: Shield            |    62 |    63 |   241 |   352 ||   718
